PAA
SUN PRAIRIE SWALLOWS @ ATHLETIC CLUB KC ACADEMY
08/24/2024
 
TOP OF THE 1ST
Sun Prairie Swallows batting - Pitching for Athletic Club KC Academy : LHP Tim Ritchie
Pitching: LHP Tim Ritchie
Batting: RHB José Silva 0-0: Called Strike
0-1: Called Strike
0-2: Ball
1-2: Ball
2-2: Foul Ball, location: 2F
2-2: Ground out 5-3 (Groundball, 5L)
Batting: RHB Ghislain Vespucci 0-0: Called Strike
0-1: Ball
1-1: Fly out, F8 (Flyball, 8LM)
Batting: RHB Luis Hernández 0-0: Called Strike
0-1: Ball
1-1: Ball
2-1: Swinging Strike
2-2: Ball
3-2: Foul Ball, location: 2F
3-2: Base on Balls
Batting: LHB Willis Baker 0-0: Called Strike
0-1: Ball
1-1: Ball
2-1: Foul Ball, location: 2F
2-2: Strikes out swinging
Top of the 1st over - 0 run(s), 0 hit(s), 0 error(s), 1 left on base; Sun Prairie 0 - Athletic Club KC Academy 0
BOTTOM OF THE 1ST
Athletic Club KC Academy batting - Pitching for Sun Prairie Swallows : LHP Martin García
Pitching: LHP Martin García
Batting: SHB António Montés 0-0: Foul Ball, location: 2F
0-1: SINGLE (Groundball, 56) (infield hit)
Batting: RHB José Flores 0-0: Ball
1-0: Grounds into double play, 5-4-3 (Groundball, 56)
Batting: RHB Allen Williams 0-0: Called Strike
0-1: DOUBLE (Flyball, 8LXD)
Batting: RHB Geoff Rivers 0-0: Ball
1-0: Called Strike
1-1: Ball
2-1: Fly out, F8 (Line Drive, 8LM)
Bottom of the 1st over - 0 run(s), 2 hit(s), 0 error(s), 1 left on base; Sun Prairie 0 - Athletic Club KC Academy 0
TOP OF THE 2ND
Sun Prairie Swallows batting - Pitching for Athletic Club KC Academy : LHP Tim Ritchie
Batting: RHB John Townsend 0-0: Ground out 6-3 (Groundball, 4M)
Batting: RHB Darby Carveth 0-0: Called Strike
0-1: Ball
1-1: Ball
2-1: Swinging Strike
2-2: Strikes out swinging
Batting: RHB Alfonso López 0-0: Ground out 6-3 (Groundball, 6)
Top of the 2nd over - 0 run(s), 0 hit(s), 0 error(s), 0 left on base; Sun Prairie 0 - Athletic Club KC Academy 0
BOTTOM OF THE 2ND
Athletic Club KC Academy batting - Pitching for Sun Prairie Swallows : LHP Martin García
Batting: RHB Chris Teague 0-0: Called Strike
0-1: Ball
1-1: Ball
2-1: Fly out, F6 (Popup, 6MD)
Batting: LHB Manuel Domínguez 0-0: Foul Ball, location: 2F
0-1: Swinging Strike
0-2: Ball
1-2: Fly out, F2 (Popup, 2LF)
Batting: RHB Marty Jennings 0-0: Ball
1-0: Swinging Strike
1-1: Foul Ball, location: 2F
1-2: Strikes out swinging
Bottom of the 2nd over - 0 run(s), 0 hit(s), 0 error(s), 0 left on base; Sun Prairie 0 - Athletic Club KC Academy 0
TOP OF THE 3RD
Sun Prairie Swallows batting - Pitching for Athletic Club KC Academy : LHP Tim Ritchie
Batting: RHB Marcos Rivera 0-0: Ball
1-0: Called Strike
1-1: Ball
2-1: Ground out 4-3 (Groundball, 4)
Batting: SHB Aurelio Costello 0-0: Called Strike
0-1: Ground out 5-3 (Groundball, 56)
Batting: RHB José Silva 0-0: Ball
1-0: Ground out 6-3 (Groundball, 6)
Top of the 3rd over - 0 run(s), 0 hit(s), 0 error(s), 0 left on base; Sun Prairie 0 - Athletic Club KC Academy 0
BOTTOM OF THE 3RD
Athletic Club KC Academy batting - Pitching for Sun Prairie Swallows : LHP Martin García
Batting: SHB Fernando Luna 0-0: Swinging Strike
0-1: Foul Ball, location: 2F
0-2: Foul Ball, location: 2F
0-2: Foul Ball, location: 2F
0-2: Fly out, F7 (Flyball, 7D)
Batting: RHB Iván Chacón 0-0: Called Strike
0-1: Swinging Strike
0-2: Foul Ball, location: 2F
0-2: DOUBLE (Line Drive, 7D)
Batting: SHB António Montés 0-0: Ball
1-0: Ball
2-0: Swinging Strike
2-1: Called Strike
2-2: Strikes out swinging
Batting: RHB José Flores 0-0: Foul Ball, location: 2F
0-1: Ball
1-1: SINGLE (Line Drive, 7S)
Iván Chacón to third
Runner from 3rd tries for Home, SAFE, no throw or cutoff
Batting: RHB Allen Williams 0-0: Called Strike
0-1: Ground out 5-3 (Groundball, 5S)
Bottom of the 3rd over - 1 run(s), 2 hit(s), 0 error(s), 1 left on base; Sun Prairie 0 - Athletic Club KC Academy 1
TOP OF THE 4TH
Sun Prairie Swallows batting - Pitching for Athletic Club KC Academy : LHP Tim Ritchie
Batting: RHB Ghislain Vespucci 0-0: Ball
1-0: Foul Ball, location: 2F
1-1: Foul Ball, location: 2F
1-2: Strikes out swinging
Batting: RHB Luis Hernández 0-0: Ball
1-0: Called Strike
1-1: Called Strike
1-2: Foul Ball, location: 2F
1-2: Ball
2-2: Foul Ball, location: 2F
2-2: Ball
3-2: Strikes out swinging
Batting: LHB Willis Baker 0-0: Called Strike
0-1: Ball
1-1: Ball
2-1: Foul Ball, location: 2F
2-2: Ball
3-2: Strikes out swinging
Top of the 4th over - 0 run(s), 0 hit(s), 0 error(s), 0 left on base; Sun Prairie 0 - Athletic Club KC Academy 1
BOTTOM OF THE 4TH
Athletic Club KC Academy batting - Pitching for Sun Prairie Swallows : LHP Martin García
Batting: RHB Geoff Rivers 0-0: Called Strike
0-1: Ball
1-1: Foul Ball, location: 2F
1-2: Foul Ball, location: 2F
1-2: Ball
2-2: Strikes out swinging
Batting: RHB Chris Teague 0-0: Fly out, F7 (Flyball, 7M)
Batting: LHB Manuel Domínguez 0-0: Fly out, F9 (Flyball, 89M)
Bottom of the 4th over - 0 run(s), 0 hit(s), 0 error(s), 0 left on base; Sun Prairie 0 - Athletic Club KC Academy 1
TOP OF THE 5TH
Sun Prairie Swallows batting - Pitching for Athletic Club KC Academy : LHP Tim Ritchie
Batting: RHB John Townsend 0-0: Ball
1-0: Ball
2-0: Foul Ball, location: 2F
2-1: Ball
3-1: DOUBLE (Flyball, 8RXD)
Batting: RHB Darby Carveth 0-0: Ball
1-0: Ball
2-0: Called Strike
2-1: Ball
3-1: Called Strike
3-2: Base on Balls
Batting: RHB Alfonso López 0-0: Bunt missed!
0-1: Sac Bunt - play at first, batter safe!
John Townsend to third
Darby Carveth to second
Batting: RHB Marcos Rivera 0-0: Ball
1-0: Ball
2-0: Fly out, F3 (Popup, 9LSF)
Batting: SHB Aurelio Costello 0-0: Called Strike
0-1: Ball
1-1: Fly out, F7 (Flyball, 7LS)
Batting: RHB José Silva 0-0: Ball
1-0: Foul Ball, location: 2F
1-1: Ball
2-1: Called Strike
2-2: Fly out, F4 (Popup, 8RS)
Top of the 5th over - 0 run(s), 2 hit(s), 0 error(s), 3 left on base; Sun Prairie 0 - Athletic Club KC Academy 1
BOTTOM OF THE 5TH
Athletic Club KC Academy batting - Pitching for Sun Prairie Swallows : LHP Martin García
Batting: RHB Marty Jennings 0-0: Ball
1-0: Ball
2-0: Swinging Strike
2-1: Ball
3-1: Base on Balls
Batting: SHB Fernando Luna 0-0: Sac Bunt - play at first, batter OUT! 3-4
Marty Jennings to second
Batting: RHB Iván Chacón 0-0: Ball
1-0: Fly out, F7 (Flyball, 7M)
Batting: SHB António Montés 0-0: Ground out 5-3 (Groundball, 56)
Bottom of the 5th over - 0 run(s), 0 hit(s), 0 error(s), 1 left on base; Sun Prairie 0 - Athletic Club KC Academy 1
TOP OF THE 6TH
Sun Prairie Swallows batting - Pitching for Athletic Club KC Academy : LHP Tim Ritchie
Batting: RHB Ghislain Vespucci 0-0: Ball
1-0: Ground out 4-3 (Groundball, 4)
Batting: RHB Luis Hernández 0-0: Called Strike
0-1: Ball
1-1: Ball
2-1: Ball
3-1: Foul Ball, location: 2F
3-2: Strikes out swinging
Batting: LHB Willis Baker 0-0: Ball
1-0: Fly out, F4 (Popup, 4D)
Top of the 6th over - 0 run(s), 0 hit(s), 0 error(s), 0 left on base; Sun Prairie 0 - Athletic Club KC Academy 1
BOTTOM OF THE 6TH
Athletic Club KC Academy batting - Pitching for Sun Prairie Swallows : LHP Martin García
Batting: RHB José Flores 0-0: Ball
1-0: Ball
2-0: Ground out 6-3 (Groundball, 6M)
Batting: RHB Allen Williams 0-0: Called Strike
0-1: SINGLE (Line Drive, 56)
Batting: RHB Geoff Rivers 0-0: Ball
Passed Ball!
Allen Williams to second
1-0: Intentional Walk
Batting: RHB Chris Teague 0-0: Called Strike
0-1: Ball
1-1: Ball
2-1: Ball
3-1: Base on Balls
Allen Williams to third
Geoff Rivers to second
Batting: LHB Manuel Domínguez 0-0: SINGLE (Line Drive, 9S)
Allen Williams scores
Geoff Rivers to third
Chris Teague to second
Runner from 3rd tries for Home, SAFE, no throw or cutoff
Batting: RHB Marty Jennings 0-0: Foul Ball, location: 2F
0-1: DOUBLE (Line Drive, 78M)
Chris Teague scores
Manuel Domínguez to third
Batting: SHB Fernando Luna 0-0: Ball
1-0: Ground out 5-3 (Groundball, 5S)
Batting: RHB Iván Chacón 0-0: Foul Ball, location: 2F
0-1: Ball
1-1: Ball
2-1: Foul Ball, location: 2F
2-2: Ground out 5-3 (Groundball, 56)
Bottom of the 6th over - 3 run(s), 3 hit(s), 0 error(s), 2 left on base; Sun Prairie 0 - Athletic Club KC Academy 4
TOP OF THE 7TH
Sun Prairie Swallows batting - Pitching for Athletic Club KC Academy : LHP Tim Ritchie
Pitching: RHP Carlos Acosta
Batting: RHB John Townsend 0-0: Called Strike
0-1: Called Strike
0-2: Ball
1-2: Ball
2-2: Strikes out looking
Batting: RHB Darby Carveth 0-0: Ball
1-0: Called Strike
1-1: Ground out 6-3 (Groundball, 6)
Batting: RHB Alfonso López 0-0: Ground out 5-3 (Groundball, 5S)
Top of the 7th over - 0 run(s), 0 hit(s), 0 error(s), 0 left on base; Sun Prairie 0 - Athletic Club KC Academy 4
BOTTOM OF THE 7TH
Athletic Club KC Academy batting - Pitching for Sun Prairie Swallows : LHP Martin García
Batting: SHB António Montés 0-0: Ground out 1-3 (Groundball, 13S)
Batting: RHB José Flores 0-0: Ball
1-0: Ball
2-0: Swinging Strike
2-1: Swinging Strike
2-2: Foul Ball, location: 2F
2-2: Ground out 4-3 (Groundball, 6M)
Batting: RHB Allen Williams 0-0: Swinging Strike
0-1: Called Strike
0-2: Fly out, F7 (Flyball, 7M)
Bottom of the 7th over - 0 run(s), 0 hit(s), 0 error(s), 0 left on base; Sun Prairie 0 - Athletic Club KC Academy 4
TOP OF THE 8TH
Sun Prairie Swallows batting - Pitching for Athletic Club KC Academy : RHP Carlos Acosta
Batting: RHB Marcos Rivera 0-0: Called Strike
0-1: Ball
1-1: Foul Ball, location: 2F
1-2: Strikes out swinging
Batting: SHB Aurelio Costello 0-0: Ball
1-0: Ground out U3 (Groundball, 3S)
Batting: RHB José Silva 0-0: Ball
1-0: Ball
2-0: Ball
3-0: Called Strike
3-1: Foul Ball, location: 2F
3-2: Strikes out swinging
Top of the 8th over - 0 run(s), 0 hit(s), 0 error(s), 0 left on base; Sun Prairie 0 - Athletic Club KC Academy 4
BOTTOM OF THE 8TH
Athletic Club KC Academy batting - Pitching for Sun Prairie Swallows : LHP Martin García
Batting: RHB Geoff Rivers 0-0: Called Strike
0-1: Ball
1-1: Ball
2-1: SINGLE (Groundball, 25) (infield hit)
Batting: RHB Chris Teague 0-0: Ball
1-0: Ball
2-0: Ball
3-0: Called Strike
3-1: Base on Balls
Geoff Rivers to second
Batting: LHB Manuel Domínguez 0-0: Called Strike
0-1: Ball
1-1: Ball
2-1: Fielders Choice at 2nd, 3-6 (Groundball, 34)
Geoff Rivers to third
Batting: RHB Marty Jennings 0-0: SINGLE (Groundball, 5D)
Geoff Rivers scores
Manuel Domínguez to second
Pitching: RHP Horacio Pérez
Batting: SHB Fernando Luna 0-0: Ball
1-0: Ball
2-0: Fly out, F9 (Line Drive, 9S)
Batting: RHB Iván Chacón 0-0: Ball
1-0: Ball
2-0: Ball
3-0: Called Strike
3-1: Base on Balls
Manuel Domínguez to third
Marty Jennings to second
Batting: SHB António Montés 0-0: Ball
1-0: Called Strike
1-1: Foul Ball, location: 2F
1-2: Ball
2-2: Foul Ball, location: 2F
2-2: Ball
3-2: GRAND SLAM HOME RUN (Flyball, 9LD), Distance : 348 ft
Batting: RHB José Flores 0-0: Called Strike
0-1: Swinging Strike
0-2: Strikes out swinging
Bottom of the 8th over - 5 run(s), 3 hit(s), 0 error(s), 0 left on base; Sun Prairie 0 - Athletic Club KC Academy 9
TOP OF THE 9TH
Sun Prairie Swallows batting - Pitching for Athletic Club KC Academy : RHP Carlos Acosta
Now at SS: Ted Stephens
Batting: RHB Ghislain Vespucci 0-0: Called Strike
0-1: Foul Ball, location: 2F
0-2: Ground out 6-3 (Groundball, 6)
Batting: RHB Luis Hernández 0-0: Reached on error, E5 (Groundball, 56)
Batting: LHB Willis Baker 0-0: Called Strike
0-1: Foul Ball, location: 2F
0-2: Foul Ball, location: 2F
0-2: Foul Ball, location: 2F
0-2: Ball
1-2: Strikes out swinging
Batting: RHB John Townsend 0-0: Called Strike
0-1: Ball
1-1: Foul Ball, location: 2F
1-2: Strikes out looking
Top of the 9th over - 0 run(s), 0 hit(s), 1 error(s), 1 left on base; Sun Prairie 0 - Athletic Club KC Academy 9
This league is powered by Out of the Park Baseball, the baseball management simulation game for PC, Mac and Linux
Monday, October 3rd, 2016 - OOTP Baseball 16.9 Build 39